 Dungeon Crawl Stone Soup version 0.28-a0-1143-gcf6077d4cc (webtiles) character file.

Game seed: 18075085622655002740

250 Guilu the Skirmisher (level 5, -3/47 HPs)
             Began as a Draconian Monk on Dec 14, 2021.
             Was a Believer of Makhleb.
             Slain by Sigmund (13 damage)
             ... on level 2 of the Dungeon.
             The game lasted 00:31:43 (3972 turns).

Guilu the Skirmisher (Draconian Monk)               Turns: 3972, Time: 00:31:43

Health: -3/47      AC:  5    Str: 16    XL:     5   Next: 88%
Magic:  3/6        EV: 13    Int: 10    God:    Makhleb [**....]
Gold:   106        SH:  0    Dex: 13    Spells: 2/5 levels left

rFire   . . .      SeeInvis .   o - +2 whip (holy)
rCold   . . .      Faith    .   (no shield)
rNeg    . . .      Spirit   .   (armour unavailable)
rPois   .          Reflect  .   (helmet restricted)
rElec   .          Harm     .   (no cloak)
rCorr   .          Rampage  .   (no gloves)
Will    .....                   (no boots)
Stlth   +.........              (no amulet)
HPRegen 0.15/turn               i - ring of wizardry
MPRegen 0.10/turn               (no ring)

@: confused
A: AC +5, unfitting armour, cold-blooded
a: Renounce Religion, Minor Destruction


You were on level 2 of the Dungeon.
You worshipped Makhleb.
Makhleb was pleased with you.
You visited 1 branch of the dungeon, and saw 3 of its levels.

You collected 171 gold pieces.
You spent 65 gold pieces at shops.

Inventory:

Hand Weapons
 a - a +0 mace
 g - a +0 flail
 o - a +2 whip of holy wrath (weapon)
Missiles
 e - 102 stones (quivered)
 n - a throwing net
Jewellery
 i - a ring of wizardry (left hand)
Wands
 k - a wand of flame (11)
Scrolls
 b - a scroll of fog {unknown}
 f - 5 scrolls of identify
 j - 3 scrolls of teleportation
 l - a scroll of noise {unknown}
Potions
 c - a potion of might {unknown}
 d - a potion of mutation {unknown}
 h - 2 potions of magic {unknown}
 m - a potion of curing {unknown}


   Skills:
 + Level 4.7 Fighting
 + Level 4.2 Maces & Flails
 + Level 3.8 Dodging
 - Level 2.5 Stealth
 + Level 0.8 Spellcasting
 + Level 1.0 Summonings


You had 2 spell levels left.
You knew the following spells:

 Your Spells              Type           Power      Damage    Failure   Level
a - Call Canine Familiar  Summ           2%         N/A       26%         3

Your spell library contained the following spells:

 Spells                   Type           Power      Damage    Failure   Level
 Portal Projectile        Hex/Tloc       0%         N/A       38%         3
 Leda's Liquefaction      Hex/Erth       0%         N/A       77%         4


Dungeon Overview and Level Annotations

Branches:
Dungeon (3/15)

Altars:
Elyvilon
Makhleb
Ru
Wu Jian

Shops:
D:2 ?

Annotations:
D:2 1 runed translucent door, Crazy Yiuf; Sigmund
D:3 2 runed translucent doors, Pargi; TheNamelessOne's ghost, amateur DsFi


Innate Abilities, Weirdness & Mutations

Your plain brown scales are hard. (AC +5)
You cannot fit into any form of body armour.
You are cold-blooded and may be slowed by cold attacks.


Message History

You see here a +0 mace.
Your magical contamination has completely faded away.
There is an escape hatch in the floor here.
Sigmund appears from thin air!
Reactivating autopickup.
Sigmund closely misses you.
You hit Sigmund.
Sigmund is severely wounded.
Sigmund closely misses you.
You hit Sigmund but do no damage.
Sigmund is severely wounded.
Sigmund closely misses you.
You hit Sigmund.
You tail-slap Sigmund, but do no damage.
Sigmund is severely wounded.
You hit Sigmund.
Sigmund is almost dead.
Sigmund closely misses you.
You hit Sigmund.
Sigmund is almost dead.
You barely miss Sigmund.
Sigmund is almost dead.
Sigmund points at you and mumbles some strange words.
You are confused.
Sigmund hits you with a +0 scythe!
* * * LOW HITPOINT WARNING * * *
You barely miss Sigmund.
Your tail-slap misses Sigmund.
Sigmund is almost dead.
You are too injured to fight recklessly!
You closely miss Sigmund.
Your tail-slap misses Sigmund.
Sigmund is almost dead.
Sigmund casts a spell at you. The magic dart hits you.
* * * LOW HITPOINT WARNING * * *
You bump into the rock wall.
Sigmund closely misses you.
Sigmund mumbles some strange words.
Sigmund flickers and vanishes!
Deactivating autopickup; reactivate with Ctrl-A.
Something hits you!
You die...

#.##..........# #.# #.#####
#.##..####.##.# #.# ##.#....
#.##..# #.##.#####.######..)....
#.##..# #.....................##
#.##..# ######....)######......#
#.##..# #.##.#.## #.......
#.##..# #.#.###.## ##......
#.##..# ####..##.##.####......
......######....@#...##..###.....
<............##{..>..>.#.........
..##.###........#.....######...##
b.##.###.###'###.#...## ##.###
..##....##≈≈.≈≈##...#########.#
.......##≈.b...≈##............#
.####..#≈.P.8.P.≈#..######.######
.# #..#≈.......≈#..######.#.....
.# #..+...♣.♣.P.'........†#.####


There were no monsters in sight!

Vanquished Creatures
  2 orc priests (D:2)
  8 gnolls
  4 adders
  3 orcs (D:2)
  4 bats
  12 endoplasms
  6 giant cockroaches
  3 goblins
  A hobgoblin (D:1)
  13 jackals
  4 kobolds
  3 ball pythons
  6 frilled lizards
  6 rats
  A butterfly (D:2)
76 creatures vanquished.

Vanquished Creatures (others)
  2 plants (D:2)
2 creatures vanquished.

Grand Total: 78 creatures vanquished

Notes
Turn   | Place    | Note
-------+----------+-------------------------------------------
     0 | D:1      | Guilu the Draconian Monk began the quest for the Orb.
     0 | D:1      | Reached XP level 1. HP: 19/19 MP: 1/1
     1 | D:1      | Found a runed translucent door.
   267 | D:1      | Found a faded altar of an unknown god.
   400 | D:1      | Reached XP level 2. HP: 23/26 MP: 2/2
   904 | D:2      | Noticed Sigmund
  1033 | D:2      | Reached XP level 3. HP: 21/33 MP: 3/3
  1293 | D:2      | Reached XP level 4. HP: 32/40 MP: 4/4
  1825 | D:2      | Found Daosmic's Magic Scroll Boutique.
  1843 | D:2      | Bought a scroll of identify for 26 gold pieces
  1843 | D:2      | Bought a scroll of teleportation for 39 gold pieces
  2221 | D:2      | Found a runed translucent door.
  2222 | D:2      | Noticed Crazy Yiuf
  2492 | D:3      | Reached XP level 5. HP: 30/47 MP: 5/5
  2957 | D:3      | Found a burning altar of Makhleb.
  2959 | D:3      | Found an ornate altar of the Wu Jian Council.
  2974 | D:3      | Learned a level 3 spell: Call Canine Familiar
  2982 | D:3      | Became a worshipper of Makhleb the Destroyer
  2982 | D:3      | Reached * piety under Makhleb
  2982 | D:3      | Reached ** piety under Makhleb
  3002 | D:3      | Found a runed translucent door.
  3002 | D:3      | Found a sacrificial altar of Ru.
  3012 | D:3      | Noticed TheNamelessOne's ghost (amateur DsFi)
  3118 | D:3      | Found a runed translucent door.
  3142 | D:3      | Noticed Pargi
  3275 | D:3      | Found a white marble altar of Elyvilon.
  3762 | D:1      | Reached skill level 1 in Summonings
  3972 | D:2      | Slain by Sigmund

Illustrated notes

Levels and vault maps discovered:
D:1:      dpeg_arrival_caged_fury, layout_basic,
          hellmonk_ecumenical_altar_arch_garden
D:2:      cheibrodos_pilgrimage, layout_loops_ring, serial_shops,
          nicolae_shop_advertising_works [nicolae_subvault_shop_adworks],
          grunt_ministairs_15, roderic_roman_lattice, hangedman_glass_garden,
          uniq_crazy_yiuf_cottage, uniq_sigmund
D:3:      layout_basic, mainiacjoe_overflow_cross_hatched,
          nicolae_elyvilon_peaceful_grove, nicolae_overflow_squiral,
          ebering_ghost_sewer_f, uniq_pargi

Skill      XL: |  1  2  3  4  5 |
---------------+----------------+-----
Stealth        | 2 |  2.5
Dodging        | 3 |  3.8
Fighting       | 4 |  4.7
Maces & Flails | 4 |  4.2
Summonings     | 1 |  1.0
Spellcasting   | |  0.8

Action                   |  1- 3 |  4- 6 || total
-------------------------+-------+-------++-------
Melee: Mace              |    42 |       ||    42
       Tailslap          |     5 |    23 ||    28
       Flail             |     9 |   144 ||   153
       Whip              |       |    75 ||    75
 Cast: Call Canine Famil |       |     1 ||     1
 Stab: Sleeping          |     3 |     3 ||     6
       Distracted        |     2 |     1 ||     3
Armor: Skin              |     5 |    85 ||    90
Dodge: Dodged            |    43 |   180 ||   223

Table legend: (Time is in decaauts)
 A = Elapsed time spent in this place.
 B = Non-inter-level travel time spent in this place.
 C = Inter-level travel time spent in this place.
 D = Time resting spent in this place.
 E = Time spent auto-exploring this place.
 F = Levels seen in this place.
 G = Mean time per level.
                   A        B        C        D        E       F      G
               +--------+--------+--------+--------+--------+-----+--------+
         Total |   4027 |   3765 |    262 |   1061 |   1157 |   3 | 1342.3 |
       Dungeon |   4027 |   3765 |    262 |   1061 |   1157 |   3 | 1342.3 |
               +--------+--------+--------+--------+--------+-----+--------+

Top non-repeatable levels by time:
     D:2: 1765 daAuts
     D:1: 1451 daAuts
     D:3: 809 daAuts
